Map: Lightshade LE

Players

cheesesteak - Winner!

  • Race: Terran Terran
  • League: Master

Osiris

  • Race: Terran Terran
  • League: Master

VOD

Have the link to the VOD?

Description

Time

  • Played on: May 30, 2021, 11:59 a.m.
  • Length: 13:20
Show
View Real Time Build Order
Export as new Build Order

cheesesteak Terran - Winner!

Build Orders: Reaper Expand 

Get SALT Encoding   

  12  0:02  SCV  
  13  0:14  SCV  
  13  0:17  Supply Depot  
  14  0:26  SCV  
  15  0:39  SCV  
  15  0:40  Barracks  
  16  0:44  Refinery  
  16  0:52  SCV  
  17  1:04  SCV  
  18  1:16  SCV  
  19  1:28  Reaper, Orbital Command  
  20  1:41  Command Center  
  20  1:56  SCV  
  20  1:58  Supply Depot  
  20  2:00  Marine  
  22  2:09  SCV  
  22  2:11  Factory  
  22  2:14  Refinery  
  23  2:26  SCV  
  23  2:27  Barracks Reactor  
  23  2:29  Bunker  
  24  2:38  SCV  
  25  2:50  SCV  
  26  2:55  Factory Tech Lab  
  26  2:56  Starport  
  26  3:00  Orbital Command  
  26  3:04  Marine x2  
  28  3:08  SCV  
  28  3:20  SCV  
  28  3:21  Marine x2  
  30  3:31  Cyclone  
  30  3:33  Starport Tech Lab  
  32  3:39  Marine x2  
  33  3:50  SCV x2  
  33  4:02  SCV  
  33  4:03  SCV  
  32  4:13  Marine  
  32  4:14  SCV  
  32  4:15  SCV  
  35  4:19  Raven  
  37  4:27  SCV  
  37  4:30  SCV  
  39  4:35  Command Center  
  39  4:38  Marine  
  40  4:39  SCV  
  40  4:42  SCV  
  42  4:48  Siege Tank  
  42  4:51  SCV  
  46  4:59  Supply Depot  
  46  5:01  Supply Depot  
  46  5:09  SCV x2  
  48  5:19  Barracks  
  48  5:21  Starport Reactor, SCV x2  
  50  5:22  Barracks  
  50  5:25  Siege Tank  
  53  5:31  Stimpack  
  53  5:32  Marine  
  53  5:33  SCV x2  
  56  5:45  Refinery, SCV x2  
  56  5:47  Refinery  
  58  5:53  Orbital Command  
  58  5:57  Marine, SCV  
  58  5:58  SCV  
  61  6:08  Starport Reactor  
  61  6:09  SCV  
  61  6:10  Siege Tank, SCV  
  66  6:16  Engineering Bay  
  66  6:19  SCV  
  66  6:21  SCV  
  66  6:25  Engineering Bay  
  68  6:27  SCV  
  68  6:29  Marine  
  68  6:31  SCV  
  71  6:33  Marine x2  
  71  6:34  SCV  
  71  6:38  Marine x2  
  71  6:39  SCV  
  77  6:45  Terran Infantry Weapons Level 1  
  77  6:46  SCV  
  79  6:47  Marine  
  79  6:49  Orbital Command, Supply Depot  
  79  6:51  Siege Tank, Marine  
  83  6:54  Terran Infantry Armor Level 1  
  83  6:59  Marine  
  83  7:00  Marine  
  85  7:03  Sensor Tower  
  77  7:10  Marine x3  
  73  7:17  Marine  
  73  7:18  Marine  
  69  7:27  Marine  
  69  7:28  Marine  
  57  7:30  Marine  
  57  7:33  SCV x3  
  57  7:35  Marine  
  57  7:45  SCV x3  
  57  7:50  Armory  
  57  7:51  Marine x4  
  61  7:52  Marine  
  61  7:55  Combat Shield  
  61  7:57  SCV x3  
  68  8:03  Medivac  
  70  8:06  Siege Tank  
  70  8:08  Marine  
  70  8:09  SCV x3  
  77  8:18  Marine x2  
  79  8:20  Marine x2  
  79  8:23  SCV x2  
  79  8:26  Marine  
  85  8:33  Supply Depot  
  85  8:34  Supply Depot  
  84  8:35  Medivac  
  84  8:36  Marine x2  
  84  8:38  Marine x2  
  89  8:43  Barracks  
  89  8:44  Marine  
  89  8:45  Supply Depot  
  89  8:46  Terran Infantry Weapons Level 2  
  90  8:54  Marine x2  
  90  8:55  Siege Tank  
  92  8:56  Marine  
  80  9:13  Marine x2  
  80  9:14  Marine  
  80  9:15  Medivac, Marine  
  83  9:20  Marine  
  83  9:22  SCV x2  
  86  9:25  Terran Infantry Armor Level 2  
  86  9:27  Siege Tank  
  86  9:31  Orbital Command, Marine x2  
  89  9:32  Marine  
  89  9:34  Barracks Reactor  
  89  9:37  Barracks, Marine  
  89  9:38  Marine  
  93  9:41  Terran Vehicle Weapons Level 1  
  93  9:42  SCV  
  95  9:52  Marine  
  95  9:53  Medivac x2, Marine  
  101  10:00  SCV  
  101  10:02  Sensor Tower, Marine  
  101  10:04  Marine  
  104  10:08  Supply Depot  
  104  10:12  Marine  
  104  10:13  Supply Depot, SCV  
  106  10:15  SCV  
  106  10:19  Marine x2  
  106  10:20  Marine x2  
  104  10:23  Marine  
  104  10:24  Marine  
  104  10:28  Marine  
  94  10:29  Marine  
  94  10:34  Siege Tank  
  84  10:37  Marine x2, SCV x2  
  84  10:38  Marine  
  84  10:40  Marine, SCV  
  88  10:45  Marine  
  88  10:46  Barracks Reactor  
  88  10:47  Marine x2  
  88  10:49  Factory, SCV  
  92  10:51  Medivac  
  92  10:53  SCV  
  92  10:54  SCV  
  92  10:55  Marine x2  
  98  10:57  Marine  
  98  10:58  Marine  
  98  10:59  Medivac  
  98  11:02  SCV  
  103  11:04  Marine  
  103  11:05  Marine, SCV  
  103  11:06  Siege Tank, Marine, SCV  
  111  11:13  Marine x2  
  111  11:14  SCV  
  111  11:15  Marine  
  111  11:16  Refinery, Marine  
  116  11:18  Refinery  
  116  11:22  Marine  
  116  11:25  Marine x4  
  121  11:30  Supply Depot, Marine  
  121  11:31  Marine  
  123  11:33  Marine  
  123  11:34  Marine  
  123  11:36  Factory Tech Lab  
  123  11:38  Siege Tank  
  128  11:40  Marine  
  128  11:41  Command Center  
  128  11:42  Marine  
  128  11:43  Marine x3  
  133  11:47  Supply Depot  
  133  11:48  Medivac  
  133  11:51  Medivac, Marine x2  
  137  11:58  Marine x3  
  137  12:00  Siege Tank, Marine  
  141  12:07  Barracks  
  141  12:08  Marine  
  141  12:09  Barracks, SCV  
  141  12:10  Siege Tank  
  141  12:11  Supply Depot  
  141  12:13  Supply Depot  
  146  12:24  Marine  
  146  12:26  Marine x2  
  149  12:32  Marine x2  
  149  12:36  Supply Depot  
  151  12:37  Supply Depot, Marine x2  
  151  12:44  Marine x2  
  153  12:47  Sensor Tower  
  153  12:48  Marine x3  
  158  12:52  Supply Depot, Marine  
  159  13:00  Marine x2  
  159  13:04  Barracks Reactor  
  163  13:12  Refinery  
  159  13:14  Refinery  
Show
View Real Time Build Order
Export as new Build Order

Osiris Terran 

Build Orders:  

Get SALT Encoding   

  12  0:00  SCV  
  13  0:12  SCV  
  14  0:17  Supply Depot  
  14  0:24  SCV  
  15  0:38  SCV  
  15  0:40  Barracks  
  16  0:43  Refinery  
  16  0:50  SCV  
  16  0:52  Refinery  
  17  1:02  SCV  
  18  1:14  SCV  
  19  1:27  Orbital Command  
  19  1:28  Reaper, Supply Depot  
  20  1:43  Factory  
  20  1:53  SCV  
  21  2:00  Reaper  
  22  2:07  SCV  
  22  2:19  SCV  
  23  2:26  Command Center  
  25  2:30  Hellion  
  25  2:33  SCV  
  25  2:34  Reaper  
  27  2:45  Supply Depot, SCV  
  28  2:52  Factory Tech Lab  
  28  2:54  Hellion  
  30  3:03  SCV  
  31  3:08  Starport  
  31  3:15  SCV  
  29  3:32  SCV  
  29  3:33  Factory Tech Lab  
  30  3:34  Barracks Reactor  
  30  3:46  Refinery, SCV  
  31  4:09  SCV  
  31  4:15  Orbital Command  
  28  4:19  Raven, Factory Tech Lab  
  28  4:20  Marine  
  28  4:21  Marine, SCV  
  33  4:30  Command Center  
  33  4:33  SCV  
  33  4:36  Refinery  
  34  4:39  Siege Tank  
  34  4:41  SCV  
  34  4:42  Marine x2  
  34  4:45  SCV  
  41  4:53  SCV  
  41  4:57  SCV  
  43  5:00  Marine x2  
  43  5:01  Raven  
  43  5:05  SCV  
  48  5:09  SCV  
  48  5:11  Siege Tank  
  52  5:17  SCV  
  52  5:20  Supply Depot  
  52  5:21  Supply Depot  
  53  5:26  Barracks  
  53  5:30  SCV  
  53  5:33  Barracks  
  54  5:41  SCV  
  54  5:42  SCV  
  56  5:43  Siege Tank, Orbital Command  
  59  5:53  Stimpack  
  59  5:54  SCV x2  
  61  5:58  Viking x2  
  61  6:03  Marine  
  66  6:06  SCV  
  66  6:07  Supply Depot, SCV  
  66  6:10  SCV  
  69  6:14  Barracks Reactor  
  69  6:16  Siege Tank  
  69  6:18  SCV  
  73  6:19  Barracks Reactor, SCV  
  73  6:21  Marine  
  73  6:22  SCV  
  76  6:28  Viking  
  76  6:29  Viking  
  76  6:31  SCV  
  76  6:32  SCV  
  82  6:34  Supply Depot  
  82  6:35  Supply Depot  
  82  6:36  Orbital Command  
  82  6:41  Marine  
  82  6:43  SCV  
  84  6:50  Siege Tank  
  84  6:53  Marine x2  
  89  6:57  Engineering Bay  
  89  6:58  Engineering Bay  
  89  6:59  Barracks x2  
  86  7:12  Marine x2  
  86  7:13  Marine x3  
  86  7:14  Viking x2  
  89  7:17  SCV x2  
  89  7:18  SCV  
  84  7:33  Marine x5  
  92  7:37  Siege Tank  
  84  7:44  Liberator, Viking  
  84  7:45  SCV  
  84  7:46  Barracks Reactor  
  84  7:47  Barracks Reactor  
  84  7:48  Terran Infantry Weapons Level 1  
  84  7:50  Marine, SCV  
  84  7:51  Marine  
  93  7:56  Combat Shield, Supply Depot  
  93  7:57  Marine  
  94  8:01  SCV  
  94  8:02  Marine x2, SCV  
  98  8:24  Marine x4  
  98  8:25  Marine x4  
  98  8:26  Siege Tank  
  105  8:28  Marine  
  105  8:29  Viking  
  105  8:30  Viking  
  110  8:39  SCV x2  
  110  8:40  SCV  
  113  8:42  Marine x3  
  113  8:43  Refinery x2  
  116  8:55  Command Center  
  96  9:12  Marine x4  
  96  9:16  Marine x3  
  96  9:17  Marine  
  88  9:21  Marine  
  88  9:23  Siege Tank, Medivac x2  
  89  9:24  SCV  
  89  9:25  Terran Infantry Armor Level 1  
  89  9:29  Armory, Marine, SCV  
  89  9:30  Marine  
  93  9:34  Marine x6  
  99  9:39  Factory, Marine  
  99  9:41  SCV x2  
  102  9:47  Marine  
  102  9:48  Marine  
  102  9:52  Marine x2, SCV  
  107  9:53  Barracks, SCV  
  107  9:55  Barracks  
  107  9:56  Barracks, Siege Tank  
  107  9:57  Medivac x2, Marine x2  
  117  10:04  Marine x3  
  117  10:05  Supply Depot, Marine  
  121  10:07  Supply Depot  
  121  10:08  Supply Depot, SCV x2  
  121  10:09  SCV  
  121  10:11  Marine x3  
  128  10:14  Planetary Fortress  
  119  10:25  Marine x3  
  119  10:26  Marine  
  94  10:28  Marine x2  
  94  10:29  Marine x2  
  94  10:30  Refinery, Siege Tank  
  94  10:31  Factory Tech Lab, Viking  
  94  10:32  Viking  
  93  10:41  SCV x3  
  96  10:45  Terran Vehicle Weapons Level 1  
  96  10:51  Siege Tank  
  96  10:52  SCV  
  96  10:53  SCV  
  101  11:06  Siege Tank  
  101  11:07  Marine x2, Viking x2  
  101  11:08  Marine  
  111  11:12  Marine x2  
  111  11:13  Marine x2  
  115  11:22  Marine x4  
  115  11:23  Marine  
  115  11:25  Marine  
  121  11:30  Marine x4  
  121  11:32  Siege Tank  
  128  11:34  Marine x2  
  128  11:39  Marine  
  130  11:43  Marine x3  
  130  11:44  Siege Tank, Viking x2  
  130  11:45  Marine x2  
  130  11:46  SCV  
  132  11:56  Marine  
  132  11:57  Marine  
  132  11:59  Marine x4  
  132  12:00  Marine x2, SCV  
  124  12:07  Marine x2  
  124  12:08  Siege Tank, Marine x2  
  129  12:14  SCV x2  
  133  12:16  SCV  
  133  12:17  SCV  
  133  12:18  Marine  
  136  12:23  Marine x3  
  136  12:25  Siege Tank  
  142  12:35  Marine x5  
  142  12:36  Marine x4  
  151  12:40  Marine  
Tags
 
Add a new tag
Caveats
  • Supply blocks, unpowered buildings, or Contaminate may cause inaccurate times.
  • Supply counts are checked every 10 seconds.